 Dungeon Crawl Stone Soup version 0.23.2 (webtiles) character file.

Game seed: 13167183335015419490

185 Kinoniko the Bolt Thrower (level 5, -4/38 HPs)
             Began as a Demonspawn Wanderer on Apr 3, 2019.
             Slain by Menkaure (25 damage)
             ... on level 4 of the Dungeon.
             The game lasted 00:03:52 (1188 turns).

Kinoniko the Bolt Thrower (Demonspawn Wanderer)     Turns: 1188, Time: 00:03:53

Health: -4/38      AC:  2    Str: 11    XL:     5   Next: 37%
Magic:  5/5        EV: 12    Int: 13    God:
Gold:   82         SH:  0    Dex: 15    Spells: 4/4 levels left

rFire    . . .     SeeInvis .   a - +2 hand crossbow
rCold    . . .     Gourm    .   (no shield)
rNeg     . . .     Faith    .   e - +0 robe
rPois    .         Spirit   .   (helmet restricted)
rElec    .         Reflect  .   (no cloak)
rCorr    .         Harm     .   (no gloves)
MR       .....                  (no boots)
Stlth    ++........             (no amulet)
HPRegen  0.12/turn              (no ring)
MPRegen  0.09/turn              (no ring)

@: no status effects
A: horns 2
a: no special abilities


You were on level 4 of the Dungeon.
You were not hungry.

You visited 1 branch of the dungeon, and saw 3 of its levels.

You collected 82 gold pieces.

Inventory:

Hand Weapons
 a - a +2 hand crossbow (weapon)
Armour
 e - a +0 robe (worn)
Jewellery
 g - an uncursed ring of protection from magic {unknown}
Wands
 d - a wand of random effects (15)
Scrolls
 c - 3 scrolls of teleportation
Potions
 h - a potion of cancellation {unknown}
Comestibles
 f - 2 rations


   Skills:
 * Level 2.1 Fighting
 + Level 5.8 Crossbows
 * Level 2.3 Armour
 * Level 1.2 Dodging
 * Level 1.8 Stealth
 - Level 1.0 Evocations


You had 4 spell levels left.
You didn't know any spells.
Your spell library was empty.

Dungeon Overview and Level Annotations

Branches:
Dungeon (4/15)
 Temple: D:4-7

Altars:

Annotations:
D:4 Eustachio, Menkaure


Innate Abilities, Weirdness & Mutations

You have a pair of horns on your head.


Message History

You shoot a bolt.
The bolt hits Menkaure but does no damage.
Menkaure is severely damaged.
Menkaure casts a spell at you.
You barely resist. The river rat barely misses you. Menkaure misses you.
The river rat bites you.
Firing (i - inventory)
b - 2 bolts (quivered)
Press: ? - help, Shift-Dir - straight line, f/p - Menkaure
Aim: Menkaure (severely damaged, fast)
You shoot a bolt. The bolt hits Menkaure.
Menkaure is severely damaged.
Menkaure misses you. The river rat misses you.
Firing (i - inventory)
b - a bolt (quivered)
Press: ? - help, Shift-Dir - straight line, f/p - Menkaure
Aim: Menkaure (severely damaged, fast)
You shoot a bolt. The bolt completely misses Menkaure.
Menkaure closely misses you. The river rat barely misses you.
Menkaure hits you!!
Ouch! That really hurt!
You die...

# #. ####### ## ##.#
....... ###.## #...#
....... #....##
#..####r...... ......#
##....@M((# .....##.
#....###((#
.....##.####....##.(##
.....#.#..####......(.
...(...##..##...###.#(.
...............## ((
......##.....<.### .
......#....#.<....#
...#.......#......#


You could see Menkaure and a river rat.

Vanquished Creatures
  An ogre (D:4)
  A howler monkey (D:4)
  2 adders (D:4)
  2 worms
  2 dart slugs (D:1)
  A leopard gecko (D:1)
  A giant cockroach (D:4)
  2 goblins (D:1)
  6 hobgoblins (D:1)
  4 jackals (D:1)
  4 kobolds (D:1)
  A ball python (D:4)
  3 bats (D:1)
  3 frilled lizards
  4 rats (D:1)
37 creatures vanquished.

Notes
Turn   | Place    | Note
-------+----------+-------------------------------------------
     0 | D:1      | Kinoniko the Demonspawn Wanderer began the quest for the
                  | Orb.
     0 | D:1      | Kinoniko set off with the following items: a +2 hand
                  | crossbow, 24 bolts, a scroll of teleportation, a wand of
                  | random effects (15), a +0 robe, a ration
     0 | D:1      | Reached XP level 1. HP: 15/15 MP: 1/1
    94 | D:1      | Gained mutation: You have a pair of small horns on your
                  | head. [demonic ancestry]
    94 | D:1      | Reached XP level 2. HP: 21/21 MP: 2/2
    96 | D:1      | Reached skill level 5 in Crossbows
   252 | D:1      | Reached XP level 3. HP: 26/26 MP: 3/3
   615 | D:2      | You fall through a shaft for 2 floors!
   901 | D:4      | Noticed an ogre
   909 | D:4      | Killed an ogre
   909 | D:4      | Reached skill level 1 in Dodging
   909 | D:4      | Gained mutation: You have a pair of horns on your head.
                  | [demonic ancestry]
   909 | D:4      | Reached XP level 4. HP: 10/33 MP: 4/4
   909 | D:4      | Reached XP level 5. HP: 11/38 MP: 5/5
  1172 | D:4      | Noticed Eustachio
  1174 | D:4      | Noticed Menkaure
  1188 | D:4      | Slain by Menkaure

Skill      XL: |  1  2  3  4  5 |
---------------+----------------+-----
Crossbows      | 5 |  5.8
Armour         | 2 |  2.3
Dodging        | 1 |  1.2
Fighting       | 2 |  2.1
Stealth        | |  1.8
Evocations     | |  1.0

Action                   |  1- 3 |  4- 6 || total
-------------------------+-------+-------++-------
 Fire: Hand crossbow     |    74 |    19 ||    93
  Use: Scroll            |     2 |       ||     2
  Eat: Ration            |       |     1 ||     1
Armor: Robe              |     1 |       ||     1
Dodge: Dodged            |     3 |     8 ||    11
